 Dungeon Crawl Stone Soup version 0.22-a0-358-g7563fe7 (webtiles) character file.

1508 Leszczynek the Grappler (level 8, 0/86 HPs)
             Began as a Troll Skald on Apr 18, 2018.
             Was a Believer of Makhleb.
             Slain by a wight
             ... wielding a +0 great sword
              (1 damage)
             ... on level 7 of the Dungeon.
             The game lasted 00:12:27 (2258 turns).

Leszczynek the Grappler (Troll Skald)               Turns: 2258, Time: 00:12:28

Health: 0/86       AC:  5    Str: 20      XL:     8   Next: 53%
Magic:  8/8        EV:  9    Int:  9 (10) God:    Makhleb [**....]
Gold:   249        SH:  0    Dex: 10      Spells: 8/9 levels left

rFire    + . .     SeeInvis .     - Unarmed
rCold    + . .     Gourm    +   (no shield)
rNeg     . . .     Faith    .   a - +0 robe
rPois    +         Spirit   .   (helmet restricted)
rElec    +         Reflect  .   (no cloak)
rCorr    +         Harm     .   (gloves unavailable)
MR       .....                  (boots unavailable)
Stlth    +.........             (no amulet)
HPRegen  0.64/turn              f - ring of loudness (curse)
MPRegen  0.11/turn              p - ring of stealth

@: resistant, heavily drained
A: large, unfitting armour, antennae 1, claws 3, fast metabolism 3, gourmand,
regeneration 1, robust 1, shaggy fur 1, tough skin 2
a: Minor Destruction, Renounce Religion


You were on level 7 of the Dungeon.
You worshipped Makhleb.
Makhleb was pleased with you.
You were very full.

You visited 1 branch of the dungeon, and saw 7 of its levels.

You collected 249 gold pieces.

Inventory:

Hand Weapons
 k - a +0 hunting sling
Missiles
 h - 2 tomahawks (quivered)
 q - 22 sling bullets
Armour
 a - a +0 robe (worn)
Jewellery
 f - a cursed ring of loudness (left claw)
 p - a ring of stealth (right claw)
Scrolls
 e - 3 scrolls of remove curse {@r2}
 g - a scroll of magic mapping {unknown}
 i - a scroll of amnesia {unknown}
 j - 2 scrolls of enchant weapon
 l - a scroll of blinking
 n - a scroll of enchant armour {unknown}
 o - a scroll of vulnerability {unknown}
Comestibles
 d - 11 rations
 r - 5 chunks of flesh


   Skills:
 + Level 4.8(3.2) Fighting
 + Level 2.8(1.3) Dodging
 * Level 9.0(7.2) Unarmed Combat
 - Level 1.2(0.0) Spellcasting
 - Level 2.0(0.5) Charms


You had 8 spell levels left.
You knew the following spells:

 Your Spells              Type           Power        Failure   Level  Hunger
a - Infusion              Chrm           #...         32%         1    ##.....


Dungeon Overview and Level Annotations

Branches:
Dungeon (7/15)
 Temple: D:4-7

Altars:
Hepliaklqana
Makhleb
Okawaru
Qazlal
Xom
Yredelemnul
Zin


Innate Abilities, Weirdness & Mutations

You are too large for most types of armour.
You have claws for hands.
Your metabolism is lightning-fast.
You like to eat raw meat.
Your natural rate of healing is unusually fast.
You are covered in fur. (AC +1)
You have very tough skin. (AC +2)
You have a pair of small antennae on your head.
You are robust. (+10% HP)


Message History

Items here: ))) [[[ You feel protected.
The wight hits you with a great sword!
You feel drained.
* * * LOW HITPOINT WARNING * * *
The wight hits you with a hand axe.
* * * LOW HITPOINT WARNING * * *
You feel drained.
You scratch the wight.
The wight is moderately damaged.
The wight barely misses you.
You barely miss the wight.
The wight is moderately damaged.
You closely miss the wight.
The wight is moderately damaged.
The wight hits you with a hand axe.
* * * LOW HITPOINT WARNING * * *
The wight hits you but does no damage. The wight hits you with a great sword!
* * * LOW HITPOINT WARNING * * *
You feel drained.
You die...

##.####.# .(..........#.#
#........ #...#####. #.#
##....#######........# ...
.....###...#..####..# .. .....
......... . #.
#.#.###.#.##..... . #..
###.#.#zz.#.##......#
#..###.....z@#...##......#
.####....#.###.###{#.###.###.#
#.....##'#..<#.#...# .. .. c.
.....zoo...###)###o# #..
.........).# #.z...# #.
....o##..(.# #######
.....##....# #....##....#
z..[.##....#


You could see 3 wights.

Vanquished Creatures
  2 sky beasts
  A centaur (D:4)
  2 phantoms (D:6)
  3 ogres
  2 bullfrogs (D:6)
  A scorpion (D:5)
  2 wights (D:7)
  2 centaur zombies
  A hound (D:6)
  2 orc priests
  6 orc wizards
  2 worker ants
  A hound zombie (D:6)
  A worker ant zombie (D:3)
  10 adders
  A shadow imp (D:5)
  An adder skeleton (D:6)
  2 worms
  A dart slug (D:2)
  6 leopard geckos
  14 orcs
  2 ball pythons
  5 bats
  2 giant cockroaches
  8 goblins
  5 hobgoblins
  8 jackals
  3 quokkas
  2 frilled lizards (D:3)
  5 kobolds (D:3)
  3 rats
106 creatures vanquished.

Notes
Turn   | Place    | Note
-------+----------+-------------------------------------------
     0 | D:1      | Leszczynek the Troll Skald began the quest for the Orb.
     0 | D:1      | Reached XP level 1. HP: 19/19 MP: 1/1
    52 | D:1      | Reached XP level 2. HP: 24/27 MP: 2/2
   122 | D:2      | Reached skill level 3 in Unarmed Combat
   248 | D:2      | Found a shimmering altar of Xom.
   268 | D:2      | Reached XP level 3. HP: 29/33 MP: 3/3
   355 | D:2      | Found a hazy altar of Hepliaklqana.
   357 | D:2      | Found a burning altar of Makhleb.
   359 | D:2      | Found a stormy altar of Qazlal.
   364 | D:2      | Became a worshipper of Makhleb the Destroyer
   476 | D:3      | Reached skill level 4 in Unarmed Combat
   485 | D:3      | Reached XP level 4. HP: 38/41 MP: 4/4
   579 | D:3      | Reached * piety under Makhleb
   590 | D:3      | lots of fodder = good for makh piety
   784 | D:4      | Reached skill level 5 in Unarmed Combat
   789 | D:4      | Noticed a centaur
   801 | D:4      | Killed a centaur
   801 | D:4      | Reached XP level 5. HP: 11/48 MP: 5/5
   903 | D:3      | Reached skill level 6 in Unarmed Combat
   989 | D:4      | well i don't know tp, but i know id and rc, so it should be fine eventually
  1016 | D:5      | Entered Level 5 of the Dungeon
  1016 | D:5      | Noticed an ogre
  1024 | D:4      | Ouch! That really hurt!
  1075 | D:4      | Killed an ogre
  1075 | D:4      | Reached XP level 6. HP: 39/55 MP: 6/6
  1113 | D:4      | Found an iron altar of Okawaru.
  1155 | D:5      | Reached skill level 7 in Unarmed Combat
  1212 | D:5      | Found a basalt altar of Yredelemnul.
  1292 | D:5      | Reached XP level 7. HP: 56/62 MP: 7/7
  1316 | D:5      | Reached skill level 8 in Unarmed Combat
  1399 | D:6      | Reached skill level 2 in Fighting
  1436 | D:6      | Reached ** piety under Makhleb
  1450 | D:6      | HP: 8/66 [orc/flail (9)]
  1452 | D:6      | Gained mutation: You have a pair of small antennae on your head. [potion of mutation]
  1452 | D:6      | Gained mutation: You are robust. (+10% HP) [potion of mutation]
  1462 | D:6      | HP: 8/72 [orc/flail (5)]
  1540 | D:6      | nice degen + red drain
  1568 | D:6      | Found a glowing silver altar of Zin.
  1643 | D:6      | Found a stormy altar of Qazlal.
  1749 | D:6      | Reached skill level 3 in Fighting
  1916 | D:7      | Noticed a troll
  1979 | D:6      | Reached skill level 4 in Fighting
  1979 | D:6      | Reached XP level 8. HP: 60/85 MP: 8/8
  2001 | D:6      | Reached skill level 2 in Dodging
  2242 | D:7      | Reached skill level 9 in Unarmed Combat
  2255 | D:7      | HP: 15/86 [wight/hand axe (4)]
  2258 | D:7      | HP: 1/86 [wight/great sword (14)]
  2258 | D:7      | Slain by a wight

Vault maps used:
D:1:      lightli_arrival_chessboard, palyth_stone_intersect
D:2:      tgw_xom, grunt_temple_overflow_diamond, first_ration,
          kennysheep_generic_room_9
D:3:      chequers_ecumenical_altar_grove
D:4:      old_standard_altar, minmay_temple_entry_statues, serial_shops,
          nicolae_shop_trees, grunt_nemelex_the_gamble
D:5:      yredelemnul_altar_generic
D:6:      lemuel_crystal_altar, st_stairs_5, lemuel_tele_altar
D:7:      slow_altar_1, the_bakery, st_stairs_10

Skill      XL: |  1  2  3  4  5  6  7  8 |
---------------+-------------------------+-----
Unarmed Combat | 3 4 5 6 7 8 9 |  9.0
Fighting       | 4 |  4.8
Dodging        | 2 |  2.8
Spellcasting   | |  1.2
Charms         | |  2.0

Action                   |  1- 3 |  4- 6 |  7- 9 || total
-------------------------+-------+-------+-------++-------
Melee: Unarmed           |    83 |   110 |   159 ||   352
       Punch             |     1 |     1 |     5 ||     7
Throw: Tomahawk          |       |     3 |       ||     3
  Use: Scroll            |       |     5 |       ||     5
       Potion            |       |       |     6 ||     6
  Eat: Chunk             |     8 |     9 |     8 ||    25
Armor: Robe              |    35 |    36 |    30 ||   101
       Skin              |       |       |    24 ||    24
Dodge: Dodged            |    45 |    74 |    43 ||   162

Table legend:
 A = Spawn XP
 B = Non-spawn XP
 C = Spawn XP percentage of total XP
 D = Spawn monster count
 E = Non-spawn monster count
 F = Spawn count percentage of total count
 G = Total turns spent on level
                    A         B        C        D         E        F      G
               +---------+---------+-------+---------+---------+-------+---------
         Total |       0 |    2155 |   0.0 |       0 |     106 |   0.0 |  2258
               +---------+---------+-------+---------+---------+-------+---------
           D:1 |       0 |      17 |   0.0 |       0 |       9 |   0.0 |   121
           D:2 |       0 |      51 |   0.0 |       0 |      19 |   0.0 |   408
           D:3 |       0 |      98 |   0.0 |       0 |      26 |   0.0 |   278
           D:4 |       0 |     292 |   0.0 |       0 |       7 |   0.0 |   327
           D:5 |       0 |     449 |   0.0 |       0 |      12 |   0.0 |   254
           D:6 |       0 |     955 |   0.0 |       0 |      24 |   0.0 |   756
           D:7 |       0 |     293 |   0.0 |       0 |       9 |   0.0 |   114
               +---------+---------+-------+---------+---------+-------+---------
